 Dungeon Crawl Stone Soup version 0.23.2-1-ga50397a6bc (webtiles) character file.

Game seed: 2822296974635308364

2441 Menchi the Fighter (level 9, -5/84 (85) HPs)
             Began as a Ghoul Fighter on May 9, 2019.
             Was an Initiate of Nemelex Xobeh.
             Slain by a two-headed ogre
             ... wielding a +0 giant club
              (20 damage)
             ... on level 7 of the Dungeon.
             The game lasted 00:13:28 (5983 turns).

Menchi the Fighter (Ghoul Fighter)                  Turns: 5983, Time: 00:13:29

HP:   -5/84 (85)    AC: 15    Str: 22    XL:     9   Next: 49%
MP:   8/8           EV:  6    Int:  4    God:    Nemelex Xobeh [......]
Gold: 375           SH:  3    Dex:  8    Spells: 8/8 levels left

rFire    . . .     SeeInvis .   j - +2 dagger (freeze)
rCold    + . .     Gourm    .   (no shield)
rNeg     + + +     Faith    .   g - +0 plate armour
rPois    ∞         Spirit   .   x - +1 helmet
rElec    .         Reflect  +   (no cloak)
rCorr    .         Harm     .   (no gloves)
MR       +....                  (no boots)
Stlth    ..........             u - +3 amulet of reflection
HPRegen  0.00/turn              v - ring of protection from magic
MPRegen  0.11/turn              s - ring of stealth

@: rotting
A: rotting body, claws 1, carnivore, cold resistance 1, negative energy
resistance 3, inhibited regeneration, torment resistance, unbreathing
a: Draw Escape, Draw Destruction, Draw Summoning, Renounce Religion


You were on level 7 of the Dungeon.
You worshipped Nemelex Xobeh.
Nemelex Xobeh was noncommittal.
You were not hungry.

You visited 1 branch of the dungeon, and saw 7 of its levels.

You collected 375 gold pieces.

Inventory:

Hand Weapons
 a - a +0 long sword
 h - a +2 dagger of protection
 j - a +2 dagger of freezing (weapon)
Armour
 c - a +0 shield
 g - a +0 plate armour (worn)
 x - a +1 helmet (worn)
Jewellery
 p - an uncursed ring of resist corrosion {unknown}
 q - an uncursed ring of protection from fire
 s - a ring of stealth (right claw)
 u - a +3 amulet of reflection (around neck)
 v - a ring of protection from magic (left claw)
Wands
 r - a wand of flame (6)
 y - a wand of acid (12)
 A - a wand of iceblast (3)
Scrolls
 b - 3 scrolls of remove curse
 m - 4 scrolls of teleportation
 n - a scroll of enchant armour
 w - a scroll of amnesia
 C - 3 scrolls of identify
 E - a scroll of acquirement {unknown}
Potions
 d - 3 potions of might
 e - a potion of lignification
 i - a potion of ambrosia
 k - a potion of curing
 l - a potion of magic
 o - a potion of experience {unknown}
 t - 4 potions of invisibility {unknown}
 z - 3 potions of agility {unknown}
 B - 2 potions of flight {unknown}
 D - a potion of brilliance {unknown}
Comestibles
 f - 6 rations


   Skills:
 * Level 10.2 Fighting
 - Level 1.7 Long Blades
 + Level 6.3 Armour
 + Level 6.3 Shields


You had 8 spell levels left.
You didn't know any spells.
Your spell library contained the following spells:

 Spells                   Type           Power        Failure   Level  Hunger
 Corona                   Hex            #......      100%        1    ##.....
 Ensorcelled Hibernation  Hex/Ice        #.....       100%        2    ###....
 Confuse                  Hex            #.......     100%        3    ####...
 Dazzling Spray           Conj/Hex       #.....       100%        3    ####...
 Tukima's Dance           Hex            #.......     100%        3    ####...


Dungeon Overview and Level Annotations

Branches:
Dungeon (7/15)             Temple (0/1) D:6

Altars:
Elyvilon
Hepliaklqana
Nemelex Xobeh
Qazlal
Uskayaw
Zin

Annotations:
D:7 3 runed translucent doors


Innate Abilities, Weirdness & Mutations

Your body is rotting away.
You thrive on raw meat.
You are immune to poison.
You have sharp fingernails.
You are carnivorous and can eat meat at any time.
Your flesh is cold resistant. (rC+)
You are immune to negative energy. (rN+++)
You do not regenerate when monsters are visible.
You are immune to unholy pain and torment.
You can survive without breathing.


Message History

Press: ? - help, Shift-Dir - straight line, f/p - two-headed ogre
Aim: a two-headed ogre, wielding a +0 giant club and a +0 giant spiked club (moderately wounded, covered in acid)
The bolt of acid hits the two-headed ogre!
The two-headed ogre is splashed with acid.
The acid corrodes the two-headed ogre!
The two-headed ogre is severely wounded.
The two-headed ogre hits you with a +0 giant club!
The two-headed ogre hits you but does no damage.
Evoke which item? (* to show all) (? for menu, Esc to quit)
Aiming: Corrosive Bolt
Press: ? - help, Shift-Dir - straight line, f/p - two-headed ogre
Aim: a two-headed ogre, wielding a +0 giant club and a +0 giant spiked club (heavily wounded, covered in acid)
The bolt of acid hits the two-headed ogre!
The two-headed ogre is splashed with acid.
The two-headed ogre is almost dead.
The two-headed ogre hits you with a +0 giant club!!
* * * LOW HITPOINT WARNING * * *
The two-headed ogre hits you with a +0 giant spiked club!!
You die...
Your body disappears without a glow.

.#.# #.#.#
#.#.#
#.#.#
#.#.##
#?#.##
#O#.##
#@#.##
##.#.##
##...#
##.## #.#
#.# #.##
#####
######..##
##...#
.......#.#
#...>.


You could see a two-headed ogre.

Vanquished Creatures
  An orc warrior (D:6)
  An ice beast (D:6)
  2 phantoms (D:5)
  A black bear (D:6)
  3 sky beasts
  4 ogres
  A centaur (D:5)
  3 bullfrogs
  3 scorpions
  A howler monkey (D:6)
  3 crimson imps (D:6)
  3 jellies (D:6)
  A hound (D:5)
  A centaur skeleton (D:6)
  An orc priest (D:5)
  An orc wizard (D:5)
  2 bullfrog skeletons
  2 iguanas
  6 worker ants
  2 hound skeletons
  A worker ant zombie (D:5)
  18 adders
  2 shadow imps (D:6)
  4 oozes
  2 adder zombies
  2 adder skeletons
  3 worms
  2 leopard geckos
  5 orcs (D:5)
  2 ball pythons
  9 bats
  4 giant cockroaches
  13 goblins
  8 hobgoblins
  14 jackals
  3 kobolds
  A quokka (D:7)
  5 frilled lizards
  A jackal zombie (D:6)
  A leopard gecko skeleton (D:2)
  A leopard gecko zombie (D:5)
  9 rats
152 creatures vanquished.

Notes
Turn   | Place    | Note
-------+----------+-------------------------------------------
     0 | D:1      | Menchi the Ghoul Fighter began the quest for the Orb.
     0 | D:1      | Reached XP level 1. HP: 19/19 MP: 0/0
    66 | D:1      | Reached XP level 2. HP: 26/26 MP: 1/1
   145 | D:1      | Reached skill level 4 in Fighting
   145 | D:1      | Reached XP level 3. HP: 7/33 MP: 2/2
   689 | D:2      | Reached XP level 4. HP: 36/41 MP: 3/3
  1274 | D:3      | Reached XP level 5. HP: 42/47 MP: 4/4
  1472 | D:3      | Reached skill level 5 in Fighting
  2136 | D:4      | Reached XP level 6. HP: 42/56 MP: 5/5
  2484 | D:4      | Reached skill level 6 in Fighting
  2728 | D:5      | Entered Level 5 of the Dungeon
  2771 | D:5      | Reached XP level 7. HP: 42/63 MP: 6/6
  2980 | D:5      | Reached skill level 7 in Fighting
  3252 | D:5      | Reached XP level 8. HP: 25/74 MP: 7/7
  3431 | D:5      | Reached skill level 8 in Fighting
  3431 | D:5      | Reached skill level 5 in Armour
  3431 | D:5      | Reached skill level 5 in Shields
  3766 | D:5      | Found a hazy altar of Hepliaklqana.
  4191 | D:6      | Reached skill level 9 in Fighting
  4300 | D:6      | Reached XP level 9. HP: 51/84 MP: 8/8
  4777 | D:6      | Found a staircase to the Ecumenical Temple.
  4873 | D:6      | Found a hide-covered altar of Uskayaw.
  4896 | D:6      | Found a glowing silver altar of Zin.
  4920 | D:6      | Found a white marble altar of Elyvilon.
  5437 | D:6      | Found a stormy altar of Qazlal.
  5437 | D:6      | Found a sparkling altar of Nemelex Xobeh.
  5442 | D:6      | Became a worshipper of Nemelex Xobeh the Trickster
  5496 | D:6      | Received a gift from Nemelex Xobeh
  5540 | D:6      | Reached skill level 10 in Fighting
  5845 | D:7      | Found a runed translucent gate.
  5845 | D:7      | Found a runed translucent gate.
  5854 | D:7      | Found a runed translucent gate.
  5975 | D:7      | Noticed a two-headed ogre
  5983 | D:7      | Slain by a two-headed ogre

Skill      XL: |  1  2  3  4  5  6  7  8  9 |
---------------+----------------------------+-----
Shields        | 3 4 5 6 |  6.3
Fighting       | 4 5 6 7 9 10 | 10.2
Armour         | 3 4 5 6 |  6.3
Long Blades    | |  1.7

Action                   |  1- 3 |  4- 6 |  7- 9 || total
-------------------------+-------+-------+-------++-------
Melee: Long sword        |    44 |       |       ||    44
       Dagger            |    81 |   264 |   625 ||   970
Evoke: Wand              |       |       |     9 ||     9
  Use: Scroll            |       |       |    11 ||    11
  Eat: Chunk             |     8 |    17 |    32 ||    57
Armor: Scale mail        |    79 |       |       ||    79
       Plate armour      |    20 |   175 |   390 ||   585
Dodge: Dodged            |    91 |    76 |   149 ||   316
Block: Other             |       |    20 |    57 ||    77
       Rpst.: Long sword |     6 |       |       ||     6
